 Dungeon Crawl Stone Soup version 0.30-a0-42-g806c11bf1d (webtiles) character file.

Game seed: 15672945730049989517

38 ytrimaz the Insei (level 3, 0/23 HPs)
             Began as an Octopode Transmuter on Aug 30, 2022.
             Slain by a goblin
             ... wielding a +0 dagger
             ... led by Robin
              (2 damage)
             ... on level 2 of the Dungeon.
             The game lasted 00:01:48 (1083 turns).

ytrimaz the Insei (Octopode Transmuter)             Turns: 1083, Time: 00:01:49

Health: 0/23       AC:  1    Str:  9    XL:     3   Next: 43%
Magic:  0/6        EV: 13    Int: 17    God:
Gold:   55         SH:  0    Dex: 12    Spells: 3/6 levels left

rFire   + . .      SeeInvis .      - Unarmed
rCold   . . .      Faith    .    (no shield)
rNeg    . . .      Spirit   .    (helmet currently unavailable)
rPois   .          Reflect  .    (no amulet)
rElec   .          Harm     .    d - ring of protection from fire
rCorr   .          Rampage  .    (no ring)
Will    .....                    (no ring)
Stlth   ++........               (no ring)
HPRegen 0.07/turn                (no ring)
MPRegen 0.10/turn                (no ring)
                                 (no ring)
                                 (no ring)

@: appendages, wereblooded
A: tentacle spike 3, almost no armour, amphibious, 8 rings, camouflage 1,
gelatinous body 1, (nimble swimmer 1), tentacles
a: End Transformation


You were on level 2 of the Dungeon.
One of your tentacles had grown a beastly spike.
You visited 1 branch of the dungeon, and saw 2 of its levels.

You collected 55 gold pieces.


Innate Abilities, Weirdness & Mutations

One of your tentacles has grown a beastly spike.
You cannot wear most types of armour.
You are amphibious.
You can wear up to eight rings at the same time.
Your skin changes colour to match your surroundings (Stealth+).
Your rubbery body absorbs attacks. (AC +1, EV +1)
((You are camouflaged when in or above water. (Stealth+)))
You have tentacles for arms and can constrict up to eight enemies at once.


   Skills:
 - Level 1.0 Fighting
 - Level 2.0 Dodging
 + Level 4.4 Unarmed Combat
 - Level 2.0 Spellcasting
 - Level 2.0 Transmutations


You had 3 spell levels left.
You knew the following spells:

 Your Spells              Type           Power      Damage    Failure   Level
a - Beastly Appendage     Tmut           16%        N/A       9%          1
b - Wereblood             Tmut           8%         N/A       13%         2

Your spell library contained the following spells:

 Spells                   Type           Power      Damage    Failure   Level
 Freeze                   Ice            4%         1d3       19%         1
 Spider Form              Tmut/Pois      5%         N/A       36%         3
 Frozen Ramparts          Ice            2%         1d1       50%         3
 Ice Form                 Ice/Tmut       5%         N/A       77%         4
 Hailstorm                Conj/Ice       1%         3d3       88%         4

Inventory:

Missiles
 c - 8 stones {throwing}
Jewellery
 d - a ring of protection from fire (left tentacle)
   (You found it on level 1 of the Dungeon)
Potions
 a - a potion of lignification {!q}

Dungeon Overview and Level Annotations

Branches:
Dungeon (2/15) Zot: 10919

Altars:

### #.. #.###
#.#. #.. #)# #.
####@# #..#..g.#
###
#...#)####.###.#
###..>...).....#
#.######<#####
... #)....# ###
#####.... ##


You could see a goblin (strong).


Message History

You see here a +0 club {mace}.
No target in view!
You howl as the wereblood boils in your veins!
You hear a shout! x4
Your transformation is almost over.
You hear a shout! 😕 MP[+1] 😎 HP[+1]
Your hp is fully restored (18).
A hobgoblin comes into view.
You howl as the wereblood boils in your veins!
The hobgoblin shouts!
The hobgoblin moves out of view.
You see here a +0 dagger {short}.
You extend your transformation's duration. 😎 MP[-1]
You lost 1 mp, and now have 2/5 mp.
The hobgoblin closely misses you.
A goblin comes into view. It is wielding a +0 dagger.
You see here a frilled lizard corpse.
You closely miss the hobgoblin. You grab the hobgoblin.
Your primal bloodlust is almost over.
You constrict the hobgoblin, but do no damage.
The hobgoblin misses you.
Robin roars a battlecry!
The goblins go into a battle-frenzy!
You bludgeon the hobgoblin!
You kill the hobgoblin!
You have reached level 3!
Your experience leads to an increase in your attributes!
Increase (S)trength, (I)ntelligence, or (D)exterity?
You feel clever. x2 😎 HP[+5]
You now have 23 max hp (+5).
Your hp is fully restored (23).
You closely miss the goblin. Your grab misses the goblin.
Your squeeze misses the goblin. The goblin hits you but does no damage.
A goblin comes into view. It is wielding a +0 dagger.
Robin roars a battlecry!
The goblin goes into a battle-frenzy!
You tentacle-slap the goblin.
You kill the goblin!
Unknown command.
You closely miss the goblin. Your grab misses the goblin.
You tentacle-slap the goblin.
A goblin comes into view. It is wielding a +0 dagger.
The goblin misses you.
Robin throws the goblin at you! 😕 HP[-3]
You take 3 damage, and now have 20/23 hp.
You tentacle-slap the goblin.
You feel a bit better.
You kill the goblin!
The goblin misses you.
Robin roars a battlecry!
The goblin goes into a battle-frenzy! 😕 HP[+1] Unknown command.
You extend your transformation's duration.
You howl as the wereblood boils in your veins!
The goblin misses you.
Unknown command.
You tentacle-slap Robin. Your grab misses Robin.
Your tentacle spike misses Robin.
Your primal bloodlust has ended.
The goblin hits you with a +0 dagger.
Robin hits you with a +0 short sword. 😮 HP[-4]
You take 4 damage, and now have 17/23 hp.
You tentacle-slap Robin but do no damage.
Your grab misses Robin.
You pierce Robin.
You squeeze Robin. Robin hits you with a +0 short sword.
The goblin hits you with a +0 dagger. 😮 HP[-4]
You take 4 damage, and now have 13/23 hp.
Unknown command.
Unknown command.
Casting: Beastly Appendage (safe; 9% risk of failure)
Confirm with . or Enter, or press ? or * to list all spells.
Your blood is infused with primal strength.
The goblin hits you with a +0 dagger.
* * * LOW HITPOINT WARNING * * *
Robin barely misses you. 😨 HP[-2] MP[-2]
You take 2 damage, and now have 11/23 hp.
You lost 2 mp, and now have 0/6 mp.
Unknown command.
Unknown command.
You tentacle-slap Robin. You grab Robin.
You pierce Robin.
You squeeze Robin. You constrict Robin, but do no damage.
The goblin hits you with a +0 dagger.
* * * LOW HITPOINT WARNING * * *
Robin barely misses you. 😱 HP[-6]
You take 6 damage, and now have 5/23 hp.
MASSIVE DAMAGE!! (PAUSE)
You tentacle-slap Robin.
You feel a bit better.
You kill Robin!
The goblin hits you with a +0 dagger.
* * * LOW HITPOINT WARNING * * *
😱 HP[-3]
You take 3 damage, and now have 2/23 hp.
Unknown command.
You tentacle-slap the goblin. You grab the goblin. You constrict the goblin.
The goblin hits you with a +0 dagger.
You die...

Skill      XL: |  1  2 |
---------------+-------+-----
Unarmed Combat | 4 |  4.4
Fighting       | |  1.0
Dodging        | |  2.0
Spellcasting   | |  2.0
Transmutations | |  2.0

Action                   || total
-------------------------++-------
Melee: Unarmed           ||    51
       Kick              ||    13
       Constrict         ||    14
       Tentacles         ||     5
       Punch             ||     3
 Cast: Beastly Appendage ||    10
       Wereblood         ||     2
  Use: Scroll            ||     1
 Stab: Sleeping          ||     3
Armor: Skin              ||     8
Dodge: Dodged            ||    28

Levels and vault maps discovered:
D:1:      dpeg_arrival_pits, layout_loops_ring,
          dreamdust_ecumenical_altar_drowned_temple, minmay_tromino_i4
D:2:      layout_basic, uniq_terence, uniq_robin, uniq_crazy_yiuf_cottage

Notes
Turn   | Place    | Note
-------+----------+-------------------------------------------
     0 | D:1      | ytrimaz the Octopode Transmuter began the quest for the
                  | Orb.
     0 | D:1      | Reached XP level 1. HP: 13/13 MP: 3/3
     0 | D:1      | magus.rc [v1.9.6]
   319 | D:1      | Reached XP level 2. HP: 16/18 MP: 3/5
   383 | D:1      | Found a faded altar of an unknown god.
   387 | D:1      | You pick up a book of Frost and begin reading...
   387 | D:1      | You add the spells Freeze, Frozen Ramparts and Hailstorm to
                  | your library.
  1039 | D:2      | Noticed Robin
  1040 | D:2      | Reached skill level 4 in Unarmed Combat
  1054 | D:1      | Learned a level 2 spell: Wereblood
  1073 | D:2      | Reached XP level 3. HP: 23/23 MP: 2/6
  1081 | D:2      | HP: 5/23 [goblin/+0 dagger[Robin] (6)]
  1082 | D:2      | Killed Robin
  1082 | D:2      | HP: 2/23 [goblin/+0 dagger[Robin] (6)]
  1083 | D:2      | Slain by a goblin

Vanquished Creatures
  Robin (D:2)
  A ball python (D:1)
  An endoplasm (D:1)
  7 goblins
  3 hobgoblins
  A kobold (D:1)
  A quokka (D:1)
  4 bats (D:1)
  4 frilled lizards
  4 rats (D:1)
  A spectral goblin (D:1)
28 creatures vanquished.

Table legend:
 A = Non-vault XP
 B = Vault XP
 C = Vault XP percentage of total XP
 D = Non-vault monster count
 E = Vault monster count
 F = Vault count percentage of total count
                 A         B        C        D         E       F
            +---------+---------+-------+---------+---------+-------
      Total |      23 |      32 |  58.2 |      17 |      11 |  39.3
            +---------+---------+-------+---------+---------+-------
        D:1 |      22 |       5 |  18.5 |      16 |       4 |  20.0
        D:2 |       1 |      27 |  96.4 |       1 |       7 |  87.5
            +---------+---------+-------+---------+---------+-------

Illustrated notes

Table legend:
 A = Kills in this place as a percentage of kills in entire the game.
 B = Kills by you in this place as a percentage of kills by you in the entire game.
 C = Kills by friends in this place as a percentage of kills by friends in the entire game.
 D = Other kills in this place as a percentage of other kills in the entire game.
 E = Experience gained in this place as a percentage of experience gained in the entire game.
 F = Experience gained in this place divided by the number of levels of this place that you have seen.
                   A       B       C       D       E      F
               +-------+-------+-------+-------+-------+----------------------
         Total | 100.0 | 100.0 |   N/A |   N/A | 100.0 |  27.5
       Dungeon | 100.0 | 100.0 |   N/A |   N/A | 100.0 |  27.5
               +-------+-------+-------+-------+-------+----------------------

Table legend: (Time is in decaauts)
 A = Elapsed time spent in this place.
 B = Non-inter-level travel time spent in this place.
 C = Inter-level travel time spent in this place.
 D = Time resting spent in this place.
 E = Time spent auto-exploring this place.
 F = Levels seen in this place.
 G = Mean time per level.
                   A        B        C        D        E       F      G
               +--------+--------+--------+--------+--------+-----+--------+
         Total |   1080 |   1050 |     30 |      0 |    881 |   2 |  540.0 |
       Dungeon |   1080 |   1050 |     30 |      0 |    881 |   2 |  540.0 |
               +--------+--------+--------+--------+--------+-----+--------+

Top non-repeatable levels by time:
     D:1: 1034 daAuts
     D:2: 45 daAuts
